 Dungeon Crawl Stone Soup version 0.24-b1 (webtiles) character file.

Game seed: 2801041933186730421, levelgen mode: deterministic

72 Arixos the Charmwright (level 4, 0/23 HPs)
             Began as a Vine Stalker Skald on Oct 12, 2019.
             Slain by Sigmund
             ... wielding a +2 scythe of venom
              (4 damage)
             ... on level 2 of the Dungeon.
             The game lasted 00:12:53 (1318 turns).

Arixos the Charmwright (Vine Stalker Skald)         Turns: 1318, Time: 00:12:53

Health: 0/23       AC:  3    Str: 15    XL:     4   Next: 25%
Magic:  0/8        EV: 12    Int: 13    God:
Gold:   78         SH:  0    Dex: 13    Spells: 6/8 levels left

rFire    . . .     SeeInvis .   a - +0 falchion
rCold    . . .     Gourm    .   (no shield)
rNeg     . . .     Faith    .   g - +0 leather armour (curse)
rPois    .         Spirit   +   (no helmet)
rElec    .         Reflect  .   (no cloak)
rCorr    .         Harm     .   (no gloves)
MR       .....                  (no boots)
Stlth    +.........             (no amulet)
HPRegen  0.47/turn              (no ring)
MPRegen  0.11/turn              (no ring)

@: lethally poisoned (0 -> -7), infused (expiring)
A: fangs 2, regeneration 1, magic shield, antimagic bite, no potion heal 3, rot
immunity
a: no special abilities


You were on level 2 of the Dungeon.
You were not hungry.

You visited 1 branch of the dungeon, and saw 2 of its levels.

You collected 78 gold pieces.

Inventory:

Hand Weapons
 a - a +0 falchion (weapon)
Armour
 g - a cursed +0 leather armour (worn)
Scrolls
 e - 3 scrolls of remove curse {unknown}
 f - 2 scrolls of identify {unknown}
Comestibles
 d - 4 rations


   Skills:
 + Level 2.2 Fighting
 + Level 2.2 Long Blades
 + Level 1.3 Armour
 + Level 2.0 Dodging
 - Level 1.0 Stealth
 + Level 2.6 Spellcasting
 + Level 3.2 Charms
 + Level 0.2 Translocations


You had 6 spell levels left.
You knew the following spells:

 Your Spells              Type           Power        Failure   Level  Hunger
s - Shroud of Golubria    Chrm/Tloc      #.....       22%         2    ###....

Your spell library contained the following spells:

 Spells                   Type           Power        Failure   Level  Hunger
 Infusion                 Chrm           ##..         8%          1    #......
 Song of Slaying          Chrm           ##......     12%         2    ###....
 Regeneration             Chrm/Necr      #.........   41%         3    ###....
 Spectral Weapon          Hex/Chrm       #.......     41%         3    ###....


Dungeon Overview and Level Annotations

Branches:
Dungeon (2/15)

Altars:
Hepliaklqana

Annotations:
D:2 Sigmund


Innate Abilities, Weirdness & Mutations

You have extremely sharp teeth.
Your natural rate of healing is unusually fast.
When hurt, damage is shared between your health and your magic reserves.
Your bite disrupts and absorbs the magic of your enemies.
Potions cannot restore your health.
You are immune to rotting.


Message History

You feel sick.
Sigmund hits you with a +2 scythe of venom.
You are lethally poisoned!
Okay, then.
You aren't carrying any potions.
Sorry, you're not good enough to have a special ability.
Okay, then.
As you read the scroll labeled WEAHOFY HOATRU, it crumbles to dust.
The scroll dissolves into smoke.
It was a scroll of fog.
* * * LOW HITPOINT WARNING * * *
You feel sick.
Unknown command.
As you read the scroll labeled FIHALA INUOSE, it crumbles to dust.
It is a scroll of amnesia.
Forget Infusion, freeing 1 spell level for a total of 6?
Your memory of Infusion unravels.
* * * LOW HITPOINT WARNING * * *
You feel sick.
Sigmund hits you with a +2 scythe of venom.
You die...

...÷#.###....##.#.
((................
....#..##....##..#
######.## ..##..###.##
...# #..#######..#. ..
# ##.# ##.....# ...
..#.# .#.# #..##.# #§#
....# .#.#
##.##.####§#..... .#.#
#.#....##@#..#...
...#####.####.##§@§...#
.[.....#.. #.##§##...#
.......#.# #.........#
.......#.# ####.######
.......# .... .......#
.$...# .......# ##.##.#
.####### ..# .#


You could see Sigmund.

Vanquished Creatures
  3 adders (D:2)
  2 worms (D:2)
  2 dart slugs
  2 giant cockroaches (D:1)
  A goblin (D:1)
  5 hobgoblins
  7 jackals
  2 kobolds
  A quokka (D:2)
  3 bats
  A frilled lizard (D:1)
  5 rats (D:1)
34 creatures vanquished.

Notes
Turn   | Place    | Note
-------+----------+-------------------------------------------
     0 | D:1      | Arixos the Vine Stalker Skald began the quest for the Orb.
     0 | D:1      | Reached XP level 1. HP: 11/11 MP: 4/4
   118 | D:1      | Reached XP level 2. HP: 7/15 MP: 1/6
   121 | D:1      | Reached skill level 1 in Armour
   505 | D:1      | Reached skill level 1 in Stealth
   760 | D:2      | Reached XP level 3. HP: 15/18 MP: 7/7
  1147 | D:2      | Found a hazy altar of Hepliaklqana.
  1229 | D:2      | Learned a level 2 spell: Shroud of Golubria
  1248 | D:2      | Gained mutation: Your natural rate of healing is unusually
                  | fast. [Vine Stalker growth]
  1248 | D:2      | Reached XP level 4. HP: 13/23 MP: 2/8
  1293 | D:2      | Noticed Sigmund
  1318 | D:2      | Slain by Sigmund

Skill      XL: |  1  2  3 |
---------------+----------+-----
Armour         | 1 |  1.3
Fighting       | 2 |  2.2
Stealth        | 1 |  1.0
Long Blades    | 2 |  2.2
Dodging        | 2 |  2.0
Spellcasting   | |  2.6
Charms         | |  3.2
Translocations | |  0.2

Action                   |  1- 3 |  4- 6 || total
-------------------------+-------+-------++-------
Melee: Falchion          |   112 |    12 ||   124
       Bite              |    37 |     3 ||    40
 Cast: Infusion          |     3 |     1 ||     4
       Shroud of Golubri |     1 |     1 ||     2
  Use: Scroll            |       |     2 ||     2
  Eat: Chunk             |     1 |     1 ||     2
Armor: Leather armour    |    35 |     2 ||    37
Dodge: Dodged            |   101 |    12 ||   113
       Rpst.: Falchion   |    28 |     2 ||    30
